 Dungeon Crawl Stone Soup version 0.21.1-1-g345015f (webtiles) character file.

198 prawnwizard the Magician (level 5, -5/34 HPs)
             Began as an Octopode Wizard on July 3, 2018.
             Slain by an iguana (14 damage)
             ... on level 4 of the Dungeon.
             The game lasted 00:13:50 (4368 turns).

prawnwizard the Magician (Octopode Wizard)          Turns: 4368, Time: 00:13:51

Health: -5/34      AC:  1    Str: 11    XL:     5   Next: 77%
Magic:  6/10       EV: 13    Int: 22    God:
Gold:   214        SH:  0    Dex: 10    Spells: 3/11 levels left

rFire    . . .     SeeInvis .   j - +0 short sword
rCold    . . .     Gourm    .   (no shield)
rNeg     . . .     Faith    .   a - +0 hat
rPois    .         Spirit   .   n - amulet of rage
rElec    .         Reflect  .   f - +5 ring of strength
rCorr    .         Harm     .   (no ring)
MR       .....                  (no ring)
Stlth    +++.......             (no ring)
HPRegen  0.11/turn              (no ring)
MPRegen  0.12/turn              (no ring)
                                (no ring)
                                (no ring)

@: very slightly contaminated
A: almost no armour, stealthy swim, amphibious, 8 rings, constrict 8, camouflage
1, gelatinous body 1
a: Evoke Berserk Rage


You were on level 4 of the Dungeon.
You were very hungry.

You visited 1 branch of the dungeon, and saw 5 of its levels.

You collected 214 gold pieces.

Inventory:

Hand Weapons
 j - a +0 short sword (weapon)
Armour
 a - a +0 hat (worn)
Jewellery
 f - a +5 ring of strength (left tentacle)
 n - an amulet of rage (around mantle)
Scrolls
 e - 4 scrolls of magic mapping
 i - a scroll of immolation {unknown}
 m - 3 scrolls of remove curse
 p - a scroll of identify {unknown}
 q - a scroll of enchant armour {unknown}
Potions
 g - a potion of haste {unknown}
 h - 3 potions of berserk rage {unknown}
 k - a potion of heal wounds {unknown}
 l - a potion of agility {unknown}
Books
 b - a book of Minor Magic

   Spells                             Type                      Level
   a - Magic Dart                     Conjuration                  1
   b - Blink                          Translocation                2
   c - Call Imp                       Summoning                    2
   d - Slow                           Hexes                        2
   e - Conjure Flame                  Conjuration/Fire             3
   f - Mephitic Cloud                 Conjuration/Poison/Air       3
 d - a book of Debilitation

   Spells                             Type                      Level
   a - Corona                         Hexes                        1
   b - Slow                           Hexes                        2
   c - Inner Flame                    Hexes/Fire                   3
   d - Portal Projectile              Hexes/Translocation          3
   e - Cause Fear                     Hexes                        4
   f - Leda's Liquefaction            Hexes/Earth                  4
Comestibles
 c - 6 rations


   Skills:
 + Level 1.9 Fighting
 - Level 2.0 Dodging
 - Level 2.6 Stealth
 + Level 3.8 Spellcasting
 + Level 3.2 Conjurations
 - Level 2.0 Summonings
 - Level 2.0 Translocations
 * Level 0.0 Air Magic
 * Level 0.0 Poison Magic


You had 3 spell levels left.
You knew the following spells:

 Your Spells              Type           Power        Failure   Level  Hunger
a - Magic Dart            Conj           ###.         3%          1    None
b - Call Imp              Summ           ##......     8%          2    #......
c - Blink                 Tloc           N/A          8%          2    #......
d - Mephitic Cloud        Conj/Pois/Air  #.......     22%         3    ###....


Dungeon Overview and Level Annotations

Branches:
Dungeon (5/15)
 Temple: D:4-7

Altars:
Qazlal
Yredelemnul


Innate Abilities, Weirdness & Mutations

You cannot wear most types of armour.
You are very stealthy in the water. (Stealth+)
You are amphibious.
You can wear up to eight rings at the same time.
You can use your tentacles to constrict eight enemies at once.
Your skin changes colour to match your surroundings (Stealth+).
Your rubbery body absorbs attacks. (AC +1, EV +1)


Message History

Confirm with . or Enter, or press ? or * to list all spells.
Aiming: Magic Dart
Press: ? - help, Shift-Dir - straight line, f - iguana
Aim: an iguana (constricted by you)
The magic dart hits the iguana.
You constrict the iguana. The iguana barely misses you.
Casting: Magic Dart
Confirm with . or Enter, or press ? or * to list all spells.
Aiming: Magic Dart
Press: ? - help, Shift-Dir - straight line, f/p - iguana
Aim: an iguana (lightly wounded, constricted by you)
You miscast Magic Dart.
You are very lightly contaminated with residual magic.
Nothing appears to happen.
You constrict the iguana. The iguana bites you!
* * * LOW HITPOINT WARNING * * *
Casting: Magic Dart
Confirm with . or Enter, or press ? or * to list all spells.
You miscast Blink.
Nothing appears to happen.
You constrict the iguana. The iguana bites you!
You die...

......#.####.......# #.# ###...
......#...##.......# #.## ###.
......###.##...>...###..#########
<<.........#....^................
...........#.......####.#########
########...........# #.#
####...##..#####.#
##....l....##.#####
###..@.#.........#
###....[##.###.#####
##########......#.###.....รท
#........#####.....###.....
#........#####.........####
#..................[##.#
#.........#######....#.#
#........## #..#...# #........#
##.##..#


You could see an iguana.

Vanquished Creatures
  A bullfrog skeleton (D:4)
  Terence (D:2)
  4 adders (D:2)
  A shadow imp (D:4)
  An ooze (D:1)
  An adder skeleton (D:4)
  3 worms
  3 dart slugs
  4 leopard geckos
  A ball python (D:4)
  6 bats
  5 giant cockroaches
  2 goblins (D:1)
  6 hobgoblins
  7 jackals
  2 quokkas (D:2)
  2 frilled lizards
  A jackal zombie (D:2)
  7 kobolds
  6 rats
64 creatures vanquished.

Vanquished Creatures (collateral kills)
  An iguana (D:4)
1 creature vanquished.

Grand Total: 65 creatures vanquished

Notes
Turn   | Place    | Note
-------+----------+-------------------------------------------
     0 | D:1      | prawnwizard the Octopode Wizard began the quest for the Orb.
     0 | D:1      | Reached XP level 1. HP: 11/11 MP: 4/4
   160 | D:1      | Reached XP level 2. HP: 11/18 MP: 1/6
   331 | D:1      | Reached skill level 1 in Fighting
   518 | D:1      | Learned a level 2 spell: Call Imp
   521 | D:1      | Learned a level 2 spell: Blink
   545 | D:1      | Reached XP level 3. HP: 23/23 MP: 1/7
  1486 | D:2      | Reached XP level 4. HP: 28/28 MP: 0/9
  1706 | D:2      | Noticed Terence
  1868 | D:2      | Killed Terence
  2054 | D:2      | Reached XP level 5. HP: 10/34 MP: 5/10
  2082 | D:2      | HP: 1/34 [poisoned by an adder]
  2582 | D:2      | Found a basalt altar of Yredelemnul.
  3138 | D:3      | Found a stormy altar of Qazlal.
  4197 | D:4      | Learned a level 3 spell: Mephitic Cloud
  4361 | D:5      | Entered Level 5 of the Dungeon
  4368 | D:4      | Slain by an iguana

Skill      XL: |  1  2  3  4  5 |
---------------+----------------+-----
Fighting       | 1 |  1.9
Conjurations   | 2 3 |  3.2
Translocations | 2 |  2.0
Summonings     | 2 |  2.0
Dodging        | |  2.0
Stealth        | |  2.6
Spellcasting   | |  3.8

Action                   |  1- 3 |  4- 6 || total
-------------------------+-------+-------++-------
Melee: Unarmed           |     7 |       ||     7
       Constrict         |     6 |     9 ||    15
       Tentacles         |     5 |     6 ||    11
       Short sword       |    11 |    30 ||    41
 Cast: Magic Dart        |    85 |    89 ||   174
       Call Imp          |       |     5 ||     5
  Use: Scroll            |     1 |     3 ||     4
  Eat: Chunk             |     2 |     4 ||     6
       Ration            |       |     1 ||     1
Armor: Skin              |     2 |     3 ||     5
Dodge: Dodged            |    38 |    21 ||    59
